 Dungeon Crawl Stone Soup version 0.30-a0-6-g7c9e10e132 (webtiles) character file.

Game seed: 7242774863558916638

2720 frimble the Carver (level 9, -14/64 HPs)
             Began as a Demonspawn Abyssal Knight on Aug 23, 2022.
             Was a High Priest of Lugonu.
             Demolished by a two-headed ogre
             ... wielding a +0 giant club
              (35 damage)
             ... on level 8 of the Dungeon.
             The game lasted 00:08:35 (8478 turns).

frimble the Carver (Demonspawn Abyssal Knight)      Turns: 8478, Time: 00:08:36

Health: -14/64     AC:  8    Str: 15    XL:     9   Next: 39%
Magic:  10/14      EV: 17    Int: 17    God:    Lugonu [*****.]
Gold:   420        SH:  6    Dex: 22    Spells: 6/8 levels left

rFire   . . .      SeeInvis +    b - +6 scimitar
rCold   . . .      Faith    .    A - +0 buckler
rNeg    . . .      Spirit   .    h - +0 steam dragon scales
rPois   .          Reflect  .    n - +0 helmet
rElec   .          Harm     .    (no cloak)
rCorr   .          Rampage  .    (no gloves)
Will    .....                    o - +1 pair of boots
Stlth   +++.......               l - amulet of the acrobat
HPRegen 0.20/turn                f - ring of see invisible
MPRegen 0.14/turn                p - ring of the Lobster {Str+2 Int+6 Dex+3 Stlth+}

@: studying Long Blades
A: hooves 1, repulsion field 2, foul stench 2
a: Renounce Religion, Depart the Abyss, Bend Space, Banish, Corrupt, Enter the
Abyss


You were on level 8 of the Dungeon.
You worshipped Lugonu.
Lugonu was extremely pleased with you.
You visited 1 branch of the dungeon, and saw 8 of its levels.
You visited the Abyss 1 time.

You collected 420 gold pieces.

Inventory:

Hand Weapons
 a - a +2 vampiric falchion
 b - a +6 scimitar (weapon)
Missiles
 x - a throwing net
Armour
 h - +0 steam dragon scales (worn)
 i - a +0 kite shield
 n - a +0 helmet (worn)
 o - a +1 pair of boots (worn)
 y - the +1 chain mail of the Fiddle {Rampage}
   (You found it on level 7 of the Dungeon)

   Rampage:   It bestows one free step when moving towards enemies.
 A - a +0 buckler (worn)
Jewellery
 f - a ring of see invisible (left hand)
 l - an amulet of the acrobat (around neck)
 p - the ring of the Lobster (right hand) {Str+2 Int+6 Dex+3 Stlth+}
   (You took it off an orc on level 3 of the Dungeon)

   [ring of intelligence]

   Str:       It affects your strength (+2).
   Int:       It affects your intelligence (+6).
   Dex:       It affects your dexterity (+3).
   Stlth:     It makes you more stealthy.
Wands
 m - a wand of flame (23)
 B - a wand of polymorph (12)
 C - a wand of roots (18)
Scrolls
 c - a scroll of vulnerability
 e - a scroll of immolation
 j - 2 scrolls of teleportation
 r - 4 scrolls of identify
 t - 2 scrolls of magic mapping
 z - a scroll of enchant weapon
Potions
 d - a potion of curing
 g - a potion of lignification {unknown}
 k - 2 potions of heal wounds
 q - a potion of cancellation {unknown}
 s - 4 potions of ambrosia {unknown}
 u - a potion of attraction {unknown}
 v - 3 potions of brilliance {unknown}
 w - 2 potions of might {unknown}
 D - a potion of flight {unknown}


   Skills:
 + Level 3.3 Fighting
 + Level 10.2 Long Blades
 - Level 1.7 Armour
 - Level 3.5 Dodging
 + Level 4.6 Shields
 + Level 7.4 Invocations
 + Level 1.2 Evocations


You had 6 spell levels left.
You knew the following spells:

 Your Spells              Type           Power      Damage    Failure   Level
a - Passwall              Tmut/Erth      0%         N/A       41%         2

Your spell library contained the following spells:

 Spells                   Type           Power      Damage    Failure   Level
 Shock                    Conj/Air       0%         1d3       30%         1
 Sting                    Tmut/Pois      0%         1d3       30%         1
 Ensorcelled Hibernation  Hex/Ice        0%         N/A       41%         2
 Poisonous Vapours        Pois/Air       0%         N/A       41%         2
 Inner Flame              Hex/Fire       0%         N/A       65%         3
 Swiftness                Air            0%         N/A       65%         3
 Airstrike                Air            0%         2d(0-16)  96%         4
 Animate Dead             Necr           0%         N/A       96%         4
 Cause Fear               Hex            0%         N/A       96%         4
 Corpse Rot               Necr/Pois/Air  0%         N/A       96%         4
 Olgreb's Toxic Radiance  Pois           0%         N/A       96%         4
 Haunt                    Necr/Summ      0%         N/A       100%        7
 Discord                  Hex            0%         N/A       100%        8
 Infestation              Necr           0%         N/A       100%        8


Dungeon Overview and Level Annotations

Branches:
Dungeon (8/15)             Temple (0/1) D:4
   Lair: D:8-11

Altars:
Cheibriados
Kikubaaqudgha
Trog
Vehumet

Shops:
D:3 [   D:4 (


Innate Abilities, Weirdness & Mutations

You have large cloven feet.
You are surrounded by a moderate repulsion field. (EV +3)
You sometimes emit foul miasma when damaged in melee.


Message History

No target in view!
No target in view!
No target in view!
No target in view!
You see here 7 stones.
k - 2 potions of heal wounds (gained 1)
You open the door.
There is an open door here.
A two-headed ogre comes into view.
It is wielding a +0 giant club and a +0 giant spiked club.
The two-headed ogre shouts in stereo!
A killer bee comes into view.
The two-headed ogre moves out of view.
A killer bee is nearby!
A killer bee is nearby!
Found a fuming puce potion.
The two-headed ogre completely misses you. x2
You hit the two-headed ogre.
The two-headed ogre is lightly wounded.
You block the two-headed ogre's attack. x2
Okay, then.
Press: ? - help, Shift-Dir - straight line, f - two-headed ogre
Aim: a two-headed ogre, wielding a +0 giant club and a +0 giant spiked club (lightly wounded, chance to affect: 71%)
You fail to use your ability.
The killer bee buzzes angrily.
You slash the two-headed ogre!
The two-headed ogre is moderately wounded.
The two-headed ogre hits you with a +0 giant club!
The two-headed ogre barely misses you.
Press: ? - help, Shift-Dir - straight line, f/p - two-headed ogre
Aim: a two-headed ogre, wielding a +0 giant club and a +0 giant spiked club (moderately wounded, chance to affect: 71%)
You fail to use your ability.
Unknown command.
Unknown command.
Press: ? - help, Shift-Dir - straight line, f/p - two-headed ogre
Aim: a two-headed ogre, wielding a +0 giant club and a +0 giant spiked club (moderately wounded, chance to affect: 71%)
The two-headed ogre struggles to resist.
The two-headed ogre hits you with a +0 giant club!!
The two-headed ogre hits you with a +0 giant spiked club!!
Ouch! That really hurt!
You die...

. #...~...........
#...............
.####~.#########+#.
.................
...######..#####. .
...............
#.#####'#####.#
#....# #.###@#.#
#..O#..# #.....###
#.....# #....!#
..#...#. #.#.###.#.
##.. . # ### #


You could see a two-headed ogre.

Vanquished Creatures
  Maggie (D:6)
  Grinder (D:4)
  A wraith (D:7)
  An ice beast (D:4)
  An orc warrior (D:6)
  A centaur (D:7)
  A kobold brigand (D:8)
  A bullfrog (D:6)
  3 necrophages
  A gnoll sergeant (D:5)
  A scorpion (D:4)
  8 wights (D:7)
  4 howler monkeys
  2 orc priests
  2 gnoll boudas
  3 hounds
  An iguana (D:4)
  2 orc wizards
  Robin (D:2)
  17 gnolls
  8 adders
  2 river rats (D:3)
  3 white imps
  3 ufetubi
  A worm (D:3)
  4 dart slugs
  16 orcs
  5 endoplasms
  5 giant cockroaches
  9 hobgoblins
  11 jackals
  10 kobolds
  8 quokkas
  7 ball pythons
  A bat (D:3)
  3 frilled lizards
  12 goblins
  7 rats
168 creatures vanquished.

Vanquished Creatures (collateral kills)
  Eustachio (D:6)
1 creature vanquished.

Grand Total: 169 creatures vanquished

Notes
Turn   | Place    | Note
-------+----------+-------------------------------------------
     0 | Abyss:1  | frimble the Demonspawn Abyssal Knight began the quest for
                  | the Orb.
     0 | Abyss:1  | Reached XP level 1. HP: 18/18 MP: 2/2
     1 | D:1      | Escaped the Abyss
    36 | D:1      | Reached skill level 2 in Long Blades
   460 | D:1      | Gained mutation: You are surrounded by a mild repulsion
                  | field. (EV +2) [demonic ancestry]
   460 | D:1      | Reached XP level 2. HP: 22/24 MP: 3/3
   846 | D:1      | Reached skill level 3 in Long Blades
  1135 | D:2      | Gained mutation: You may rarely emit foul miasma when
                  | damaged in melee. [demonic ancestry]
  1135 | D:2      | Reached XP level 3. HP: 29/29 MP: 4/4
  1381 | D:2      | Learned a level 2 spell: Passwall
  1608 | D:2      | Noticed Robin
  1609 | D:2      | Reached *** piety under Lugonu
  1616 | D:2      | Killed Robin
  1963 | D:2      | Reached XP level 4. HP: 35/35 MP: 5/5
  1969 | D:2      | Reached skill level 4 in Long Blades
  2362 | D:3      | Found an ancient bone altar of Kikubaaqudgha.
  2820 | D:3      | Identified the ring of the Lobster {Str+2 Int+6 Dex+3
                  | Stlth+}
  2977 | D:3      | Found Vograt's Antique Armour Shop.
  3079 | D:3      | Gained mutation: You have large cloven feet. [demonic
                  | ancestry]
  3079 | D:3      | Reached XP level 5. HP: 23/41 MP: 6/6
  3562 | D:4      | Reached **** piety under Lugonu
  3563 | D:4      | Reached skill level 5 in Long Blades
  3613 | D:4      | Found Nifoc's Antique Weapon Shoppe.
  3720 | D:4      | Found a staircase to the Ecumenical Temple.
  3724 | D:4      | Noticed Grinder
  3752 | D:4      | Paralysed by Grinder for 3 turns
  3766 | D:4      | Killed Grinder
  3767 | D:4      | Reached skill level 6 in Long Blades
  3767 | D:4      | Reached XP level 6. HP: 14/47 MP: 7/7
  4566 | D:5      | Entered Level 5 of the Dungeon
  4575 | D:5      | Reached skill level 1 in Dodging
  4787 | D:4      | Gained mutation: You sometimes emit foul miasma when
                  | damaged in melee. [demonic ancestry]
  4787 | D:4      | Reached XP level 7. HP: 28/52 MP: 8/8
  4955 | D:4      | Reached skill level 7 in Long Blades
  5617 | D:5      | Found a radiant altar of Vehumet.
  5700 | D:5      | Identified a scroll of acquirement
  5700 | D:5      | Acquired a manual of Long Blades
  5878 | D:6      | Noticed Maggie
  5884 | D:6      | Noticed Eustachio
  6380 | D:6      | Reached skill level 1 in Shields
  6380 | D:6      | Reached XP level 8. HP: 52/58 MP: 10/10
  6442 | D:6      | Killed Maggie
  6443 | D:6      | Reached skill level 8 in Long Blades
  6448 | D:6      | Killed Eustachio
  6449 | D:6      | Reached skill level 5 in Invocations
  6890 | D:6      | Reached skill level 9 in Long Blades
  7367 | D:7      | Found a snail-covered altar of Cheibriados.
  7402 | D:7      | Gained mutation: You are surrounded by a moderate repulsion
                  | field. (EV +3) [demonic ancestry]
  7402 | D:7      | Reached XP level 9. HP: 46/63 MP: 13/13
  7487 | D:7      | Found a bloodstained altar of Trog.
  7621 | D:7      | Reached ***** piety under Lugonu
  7687 | D:6      | Reached skill level 10 in Long Blades
  7863 | D:7      | Identified the +1 chain mail of the Fiddle {Rampage}
  8005 | D:7      | Reached skill level 1 in Evocations
  8470 | D:8      | Noticed a two-headed ogre
  8478 | D:8      | Demolished by a two-headed ogre

Illustrated notes

Levels and vault maps discovered:
D:1:      wander_arrival_desolate, layout_basic
D:2:      layout_basic, uniq_robin
D:3:      layout_basic, nicolae_kikubaaqudgha_miasma_corner,
          portal_sewer_entry_b, serial_shops, shop_fountains, st_stairs_4
D:4:      layout_loops_corners, minmay_temple_entry_crystal_x,
          nicolae_take_the_stairs, uniq_grinder
D:5:      layout_rooms, marbit_many_paths, minmay_misc_feat_chi
D:6:      layout_loops_cross, uniq_eustachio, uniq_maggie
D:7:      layout_loops_cross, nicolae_overflow_squiral
D:8:      minmay_the_grid_plus [minmay_the_grid_spin_star,
          minmay_the_grid_small_cups, minmay_the_grid_slots,
          minmay_the_grid_tiny_cups,
          minmay_the_grid_prize_four_corners_diamond_a], layout_basic,
          serial_rivers, chequers_serial_rivers_room_a,
          chequers_serial_rivers_room_b, chequers_serial_rivers_small_b,
          chequers_serial_rivers_micro_c, chequers_serial_rivers_micro_b,
          chequers_serial_rivers_room_b

Skill      XL: |  1  2  3  4  5  6  7  8  9 |
---------------+----------------------------+-----
Long Blades    | 2 3 4 6 7 9 10 | 10.2
Dodging        | 1 3 |  3.5
Invocations    | 3 6 7 |  7.4
Shields        | 1 3 4 |  4.6
Evocations     | 1 |  1.2
Fighting       | |  3.3
Armour         | |  1.7

Action                   |  1- 3 |  4- 6 |  7- 9 || total
-------------------------+-------+-------+-------++-------
Melee: Falchion          |   101 |   203 |   236 ||   540
       Punch             |     1 |     3 |     3 ||     7
       Kick              |       |    27 |    65 ||    92
       Scimitar          |       |       |    43 ||    43
Invok: Banish            |       |       |     1 ||     1
  Use: Scroll            |       |    10 |     6 ||    16
       Potion            |       |     2 |     1 ||     3
 Stab: Distracted        |       |       |     1 ||     1
       Sleeping          |       |       |     3 ||     3
Armor: Leather armour    |    12 |       |       ||    12
       Ring mail         |    14 |    71 |    43 ||   128
       Steam dragon scal |       |       |    22 ||    22
Dodge: Dodged            |    59 |   160 |   249 ||   468
Block: Buckler           |       |       |    34 ||    34

Table legend: (Time is in decaauts)
 A = Elapsed time spent in this place.
 B = Non-inter-level travel time spent in this place.
 C = Inter-level travel time spent in this place.
 D = Time resting spent in this place.
 E = Time spent auto-exploring this place.
 F = Levels seen in this place.
 G = Mean time per level.
                   A        B        C        D        E       F      G
               +--------+--------+--------+--------+--------+-----+--------+
         Total |   8464 |   8199 |    265 |    445 |   6438 |   9 |  940.4 |
       Dungeon |   8463 |   8198 |    265 |    445 |   6438 |   8 | 1057.9 |
         Abyss |      1 |      1 |      0 |      0 |      0 |   1 |    1.0 |
               +--------+--------+--------+--------+--------+-----+--------+

Top non-repeatable levels by time:
     D:4: 1886 daAuts
     D:6: 1330 daAuts
     D:2: 1218 daAuts
     D:3: 1077 daAuts
     D:1: 1053 daAuts
     D:7: 953 daAuts
     D:5: 870 daAuts
     D:8: 74 daAuts
 Abyss:1: 1 daAuts
